 Dungeon Crawl Stone Soup version 0.31-a0-986-g5e6e4ef867 (webtiles) character file.

Game seed: 15976701599390043797

60 DocClef the Changeling (level 3, -3/26 HPs)
             Began as a Demonspawn Shapeshifter on Nov 6, 2023.
             Slain by a gnoll
             ... wielding a +0 spear
              (7 damage)
             ... on level 3 of the Dungeon.
             The game lasted 00:01:55 (1462 turns).

DocClef the Changeling (Demonspawn Shapeshifter)    Turns: 1462, Time: 00:01:56

Health: -3/26      AC:  2    Str: 16    XL:     3   Next: 82%
Magic:  3/3        EV: 12    Int: 11    God:
Gold:   33         SH:  0    Dex: 12    Spells: 2/2 levels left

rFire   . .          .
                       - Unarmed
rCold   + . .        (no shield)
rNeg    . . .        a - +0 animal skin
rPois   .            (helmet currently unavailable)
rElec   .            (cloak currently unavailable)
rCorr   .            (gloves currently unavailable)
SInv    .            (boots currently unavailable)
Will    .....        (no amulet)
Stlth   +            e - ring of protection from cold
HPRegen 0.24/turn    (no ring)
MPRegen 0.08/turn

%: no passive effects
@: beast-form
A: beast (slay +2), powered by death 1, weakness stinger 1
a: Begin Untransformation


You were on level 3 of the Dungeon.
You were a hulking beast.
You visited 1 branch of the dungeon, and saw 3 of its levels.

You collected 33 gold pieces.

Inventory:

Armour
 a - a +0 animal skin (worn)
Jewellery
 e - a ring of protection from cold (left hand)
 h - a ring of wizardry
 k - an amulet of faith
Talismans
 c - a beast talisman
 d - a flux talisman
Scrolls
 f - 2 scrolls of fear {unknown}
 g - 3 scrolls of enchant weapon {unknown}
 j - a scroll of revelation {unknown}
Potions
 b - 2 potions of lignification
 i - a potion of invisibility {unknown}
 l - a potion of enlightenment {unknown}
 m - a potion of ambrosia {unknown}
 n - 2 potions of heal wounds {unknown}
 o - 2 potions of curing {unknown}


   Skills:
 - Level 1.0 Fighting
 - Level 1.7 Dodging
 + Level 2.9 Unarmed Combat
 + Level 4.0 Shapeshifting


You had 2 spell levels left.
You didn't know any spells.
Your spell library contained the following spells:

 Spells                   Type           Power      Damage    Failure   Level
 Dazzling Flash           Conj/Hex       0%         N/A       71%         3
 Ozocubu's Armour         Ice            0%         N/A       71%         3
 Summon Ice Beast         Ice/Summ       0%         N/A       98%         4
 Agony                    Necr           0%         N/A       100%        5
 Metabolic Englaciation   Hex/Ice        0%         N/A       100%        5
 Silence                  Hex/Air        0%         N/A       100%        5
 Summon Mana Viper        Hex/Summ       0%         N/A       100%        5
 Simulacrum               Ice/Necr       0%         N/A       100%        6
 Monstrous Menagerie      Summ           0%         N/A       100%        7


Dungeon Overview and Level Annotations

Branches:
Dungeon (3/15)

Altars:

Shops:
D:1 (


Innate Abilities, Weirdness & Mutations

You are a hulking beast.
Your limbs bulge with bestial killing power. (Slay +2)
You regenerate a little health from kills.
You have a small tail.


Message History

o - 2 amethyst potions (gained 1)
You pick up a book of the Senses and begin reading...
You add the spells Dazzling Flash, Agony and Silence to your library.
You now have 33 gold pieces (gained 8).
Found a stone staircase leading up.
There is a stone staircase leading down here.
Done exploring.
Done exploring.
Done exploring.
There is a stone staircase leading down here.
You climb downwards.
There is a stone staircase leading up here.
Found an escape hatch in the floor. 3 gnolls come into view.
The gnoll shouts! x2
There are monsters nearby!
There are monsters nearby!
Found 3 scrolls labelled HOAMEYT QODI.
A gnoll comes into view. It is wielding a +0 flail of venom.
The gnoll hits you with a +0 spear!
The gnoll shouts!
You hit the gnoll.
The gnoll is moderately wounded.
You hear a shout!
You closely miss the gnoll.
The gnoll is moderately wounded.
The gnoll closely misses you.
You hit the gnoll. You tail-slap the gnoll.
The gnoll is almost dead.
The gnoll hits you with a +0 spear. The gnoll hits you with a +0 flail.
* * * LOW HITPOINT WARNING * * *
The gnoll closely misses you.
You are too injured to fight recklessly!
You closely miss the gnoll. You tail-slap the gnoll.
You kill the gnoll!
The gnoll misses you. The gnoll hits you with a +0 spear.
* * * LOW HITPOINT WARNING * * *
Your Shapeshifting skill increases to level 4!
The gnoll hits you from afar with a +0 spear!
You die...

. .### ...?
#.. ... #.#
#.#
.#.#####.##
#.#
......g)..#
#.# #..g.g.h.#
#.# ########.#
##.##
#.###...####.#
#.......<....#
#####...######
>.......##
#########


You could see 3 gnolls.

Vanquished Creatures
  A gnoll (D:3)
  An adder (D:2)
  3 worms (D:2)
  3 ball pythons
  6 bats
  2 endoplasms (D:1)
  2 giant cockroaches (D:1)
  4 goblins
  2 hobgoblins
  3 kobolds
  2 quokkas (D:1)
  A frilled lizard (D:2)
  2 rats
32 creatures vanquished.

Notes
Turn   | Place    | Note
-------+----------+-------------------------------------------
     0 | D:1      | DocClef the Demonspawn Shapeshifter began the quest for the
                  | Orb.
     0 | D:1      | Reached XP level 1. HP: 15/15 MP: 1/1
    82 | D:1      | Reached skill level 3 in Shapeshifting
   155 | D:1      | Gained mutation: You regenerate a little health from kills.
                  | [demonic ancestry]
   155 | D:1      | Reached XP level 2. HP: 12/21 MP: 2/2
   208 | D:1      | Found Degof's Antique Weapon Shop.
   364 | D:1      | You fall into a shaft and drop 1 floor!
   455 | D:2      | Gained mutation: You have a small tail. [demonic ancestry]
   455 | D:2      | Reached XP level 3. HP: 21/26 MP: 3/3
  1462 | D:3      | Reached skill level 4 in Shapeshifting
  1462 | D:3      | Slain by a gnoll

Illustrated notes

Levels and vault maps discovered:
D:1:      tarquinn_simple_flora_water_f, layout_rooms, serial_shops, shop,
          minmay_indecisive_spiral
D:2:      layout_basic
D:3:      layout_loops_ring, shapermc_ecumenical_altar_venn,
          hellmonk_ghost_happy_afterlife, chequers_avenue

Skill      XL: |  1  2  3 |
---------------+----------+-----
Shapeshifting  | 3 4 |  4.0
Fighting       | |  1.0
Dodging        | |  1.7
Unarmed Combat | |  2.9

Action                     || total
---------------------------++-------
  Melee: Unarmed           ||   107
         Punch             ||     2
         Tailslap          ||     5
 Armour: Animal skin       ||    44
  Dodge: Dodged            ||    75

Table legend: (Time is in decaauts)
 A = Elapsed time spent in this place.
 B = Non-inter-level travel time spent in this place.
 C = Inter-level travel time spent in this place.
 D = Time resting spent in this place.
 E = Time spent auto-exploring this place.
 F = Levels seen in this place.
 G = Mean time per level.
                   A        B        C        D        E       F      G
               +--------+--------+--------+--------+--------+-----+--------+
         Total |   1456 |   1400 |     56 |      4 |   1040 |   3 |  485.3 |
       Dungeon |   1456 |   1400 |     56 |      4 |   1040 |   3 |  485.3 |
               +--------+--------+--------+--------+--------+-----+--------+

Top non-repeatable levels by time:
     D:2: 798 daAuts
     D:1: 641 daAuts
     D:3: 16 daAuts
